 Dungeon Crawl Stone Soup version 0.26-a0-958-gf3041fb45f (webtiles) character file.

Game seed: 14089270807753757705

16611 Dyryt the Geomancer (level 12, 0/72 HPs)
             Began as a Gargoyle Earth Elementalist on Dec 1, 2020.
             Was a High Priest of Vehumet.
             Slain by Urug
             ... wielding a +2 eveningstar of freezing
              (18 damage)
             ... on level 13 of the Dungeon.
             The game lasted 00:40:37 (15288 turns).

Dyryt the Geomancer (Gargoyle Earth Elementalist)  Turns: 15288, Time: 00:40:38

Health: 0/72       AC: 15    Str: 13    XL:     12   Next: 39%
Magic:  6/32       EV: 18    Int: 20    God:    Vehumet [*****.]
Gold:   1123       SH:  0    Dex: 10    Spells: 17/26 levels left

rFire    + + .     SeeInvis .   m - +10 dagger of the Volcano {holy, rF+}
rCold    + + .     Faith    .   (no shield)
rNeg     + . .     Spirit   .   G - +1 leather armour "Gazuvol" {rC+ Stlth+}
rPois    ∞         Reflect  .   (no helmet)
rElec    +         Harm     .   B - scarf {rC+ rF+}
rCorr    .         Rampage  .   (no gloves)
MR       .....                  A - +1 pair of boots
Stlth    +++.......             (no amulet)
HPRegen  0.22/turn              u - +4 ring of evasion
MPRegen  0.23/turn              E - ring of magical power

@: very slightly contaminated, invisible
A: negative energy resistance 1, electricity resistance, unbreathing,
petrification resistance, rot immunity, AC +8
a: Renounce Religion


You were on level 13 of the Dungeon.
You worshipped Vehumet.
Vehumet was extremely pleased with you.
You visited 2 branches of the dungeon, and saw 14 of its levels.

You collected 1123 gold pieces.

Inventory:

Hand Weapons
 m - the +10 dagger of the Volcano (weapon) {holy, rF+}
   (You found it on level 10 of the Dungeon)

   It has been blessed by the Shining One to cause great damage to the undead
   and demons.
   It protects you from fire.
 t - a +4 dagger
 F - a +3 morningstar
Missiles
 a - 3 throwing nets
 b - 55 stones (quivered)
Armour
 c - a +0 robe
 l - a +0 cloak
 A - a +1 pair of boots (worn)
 B - a scarf of resistance (worn)
 G - the +1 leather armour "Gazuvol" (worn) {rC+ Stlth+}
   (You found it on level 11 of the Dungeon)

   It protects you from cold.
   It makes you more stealthy.
Magical Staves
 y - an uncursed staff of earth {unknown}
Jewellery
 i - an uncursed ring of ice
 u - a +4 ring of evasion (left hand)
 E - a ring of magical power (right hand)
Wands
 j - a wand of random effects (26)
 o - a wand of polymorph (8)
 z - a wand of flame (37)
 H - a wand of disintegration (12)
Scrolls
 g - 5 scrolls of teleportation
 q - 2 scrolls of fear
 x - 3 scrolls of fog
 D - 3 scrolls of blinking
 I - a scroll of remove curse
 L - 2 scrolls of identify
 M - 2 scrolls of amnesia
Potions
 d - 2 potions of curing
 e - a potion of attraction
 h - 4 potions of lignification
 k - a potion of magic {unknown}
 n - 4 potions of brilliance
 p - 2 potions of berserk rage
 r - 2 potions of cancellation {unknown}
 s - a potion of haste {unknown}
 v - 3 potions of heal wounds {unknown}
 w - a potion of resistance {unknown}
 C - a potion of might {unknown}
 K - a potion of flight {unknown}
Miscellaneous
 J - a box of beasts (inert)


   Skills:
 + Level 7.1 Fighting
 + Level 6.7 Maces & Flails
 - Level 6.0 Armour
 + Level 5.8 Dodging
 - Level 2.1 Stealth
 + Level 7.6 Spellcasting
 + Level 8.4 Conjurations
 - Level 0.7 Transmutations
 + Level 10.4 Earth Magic
 + Level 5.9 Evocations


You had 17 spell levels left.
You knew the following spells:

 Your Spells              Type           Power        Failure   Level
a - Sandblast             Erth           #####.       1%          1
b - Stone Arrow           Conj/Erth      #####.       1%          3
c - Lee's Rapid Deconstr  Erth           #####.....   1%          5

Your spell library contained the following spells:

 Spells                   Type           Power        Failure   Level
 Spellforged Servitor     Conj/Summ      ###.......   97%         7
 Foxfire                  Conj/Fire      ###.         1%          1
 Passwall                 Tmut/Erth      ####....     1%          2
 Conjure Flame            Conj/Fire      ###.....     1%          3
 Sticky Flame             Conj/Fire      ###.....     5%          4
 Beastly Appendage        Tmut           ##....       9%          1
 Inner Flame              Hex/Fire       #.......     9%          3
 Petrify                  Tmut/Erth      ####....     11%         4
 Wereblood                Tmut           ##......     12%         2
 Fireball                 Conj/Fire      ###.......   14%         5
 Spider Form              Tmut/Pois      #.........   28%         3
 Confusing Touch          Hex            #.......     32%         3
 Gell's Gravitas          Tloc           #.........   32%         3
 Yara's Violent Unravell  Hex/Tmut       #.........   52%         5
 Ice Form                 Ice/Tmut       #.......     67%         4
 Blade Hands              Tmut           ##........   92%         5
 Metabolic Englaciation   Hex/Ice        #.........   96%         5


Dungeon Overview and Level Annotations

Branches:
Dungeon (13/15)            Temple (1/1) D:4            Lair (0/6) D:9
    Orc (0/2) D:12         Vaults (0/5) D:13

Altars:
Ashenzari
Cheibriados
Dithmenos
Elyvilon
Fedhas
Gozag
Hepliaklqana
Makhleb
Nemelex Xobeh
Okawaru
Qazlal
Ru
Sif Muna
Trog
Uskayaw
Vehumet
Xom
Yredelemnul
Zin
The Shining One

Annotations:
D:3 3 runed translucent doors, PentaManta's ghost, amateur HaGl
D:13 Urug


Innate Abilities, Weirdness & Mutations

You are resistant to torment.
Your stone body is resilient. (AC +8)
You are immune to poison.
You resist negative energy. (rN+)
You are resistant to electric shocks. (rElec)
You can survive without breathing.
You are immune to petrification.
You are immune to rotting.


Message History

Urug is severely wounded.
b - 56 stones Urug hits you with a +2 eveningstar of freezing!!
* * * LOW HITPOINT WARNING * * *
You feel better.
Urug hits you with a +2 eveningstar of freezing.
* * * LOW HITPOINT WARNING * * *
You feel better.
Urug drinks a potion.
Urug is healed!
Unknown command.
Unknown command.
Casting: Sandblast (safe; 1% risk of failure)
Confirm with . or Enter, or press ? or * to list all spells.
Aiming: Sandblast (safe; 1% risk of failure)
Press: ? - help, Shift-Dir - straight line, f - Urug
Aim: Urug, wielding a +2 eveningstar of freezing, wearing a +1 ring mail of cold resistance and quivering 5 javelins (severely wounded, 21% to evade)
The blast of sand hits Urug!
Urug is almost dead.
b - 55 stones Urug hits you with a +2 eveningstar of freezing!!
You die...

#.# #........
#.#
#..#####.......
#.#####..#
.......
#........#
.....p>
#######..#
[...p∩< ##.#
......p #.#
.......
#.#####pp.....
#(.@opppp....:
#######p######
##


You could see Urug and 7 humans.

Vanquished Creatures
  Josephine (D:12)
  Harold (D:7)
  A two-headed ogre (D:13)
  Nergalle (D:12)
  2 manticores
  A cyclops (D:12)
  2 centaur skeletons
  An efreet (D:13)
  3 trolls (D:9)
  3 hornets
  A shadow (D:12)
  A wyvern (D:12)
  5 wraiths
  Sigmund (D:2)
  A water elemental (D:12)
  14 yaks
  8 humans (D:13)
  A soldier ant (D:12)
  A water moccasin (D:10)
  An ice beast (D:7)
  An orc warrior (D:10)
  3 sky beasts
  2 black bears
  3 ogres
  2 eyes of draining
  3 phantoms
  4 wolves (D:9)
  A centaur (D:7)
  Blork the orc (D:4)
  2 big kobolds
  6 bullfrogs
  6 scorpions
  4 troll zombies (D:12)
  12 wights
  26 killer bees
  A howler monkey (D:11)
  11 electric eels
  A quasit (D:9)
  A centaur zombie (D:7)
  2 jellies
  6 hounds
  9 orc wizards
  3 orc priests
  2 bullfrog skeletons
  2 iguanas
  6 worker ants
  4 ogre zombies (D:12)
  2 hound skeletons
  A worker ant zombie (D:8)
  14 adders
  7 gnolls
  A shadow imp (D:4)
  3 white imps
  2 ufetubi
  2 adder zombies
  An adder skeleton (D:8)
  2 worms (D:2)
  A dart slug (D:1)
  3 leopard geckos
  23 orcs
  A ball python (D:3)
  7 bats
  5 giant cockroaches
  6 goblins
  10 hobgoblins
  13 jackals
  5 quokkas
  2 frilled lizards (D:1)
  A goblin skeleton (D:12)
  2 goblin zombies (D:12)
  2 hobgoblin skeletons (D:12)
  6 hobgoblin zombies (D:12)
  A jackal zombie (D:8)
  21 kobolds
  14 orc zombies (D:12)
  9 rats
341 creatures vanquished.

Vanquished Creatures (collateral kills)
  A komodo dragon (D:11)
1 creature vanquished.

Grand Total: 342 creatures vanquished

Notes
Turn   | Place    | Note
-------+----------+-------------------------------------------
     0 | D:1      | Dyryt the Gargoyle Earth Elementalist began the quest for
                  | the Orb.
     0 | D:1      | Reached XP level 1. HP: 10/10 MP: 3/3
   217 | D:1      | Reached XP level 2. HP: 11/15 MP: 5/5
   301 | D:1      | Reached skill level 4 in Earth Magic
   823 | D:1      | Reached XP level 3. HP: 19/19 MP: 2/7
   874 | D:1      | Learned a level 3 spell: Stone Arrow
  1591 | D:2      | Reached skill level 1 in Conjurations
  1591 | D:2      | Reached XP level 4. HP: 23/24 MP: 4/8
  1684 | D:2      | Noticed Sigmund
  1691 | D:2      | Killed Sigmund
  1692 | D:2      | Reached skill level 5 in Earth Magic
  1692 | D:2      | Reached XP level 5. HP: 14/28 MP: 1/10
  1979 | D:2      | Found a broken altar of Ashenzari.
  2118 | D:2      | Reached XP level 6. HP: 32/32 MP: 9/11
  2709 | D:3      | Found a runed translucent gate.
  2709 | D:3      | Found a runed translucent gate.
  2709 | D:3      | Found a runed translucent gate.
  2709 | D:3      | Noticed PentaManta's ghost (amateur HaGl)
  2946 | D:3      | Found an iron altar of Okawaru.
  2972 | D:3      | Learned a level 5 spell: Lee's Rapid Deconstruction
  3539 | D:4      | Found a white marble altar of Elyvilon.
  3547 | D:4      | Noticed Blork the orc
  3554 | D:4      | Killed Blork the orc
  3555 | D:4      | Reached skill level 6 in Earth Magic
  3598 | D:4      | Reached XP level 7. HP: 35/36 MP: 9/13
  4164 | D:4      | Found a staircase to the Ecumenical Temple.
  4249 | Temple   | Entered the Ecumenical Temple
  4259 | Temple   | Became a worshipper of Vehumet
  4516 | D:5      | Entered Level 5 of the Dungeon
  4697 | D:5      | Reached skill level 1 in Fighting
  4697 | D:5      | Reached skill level 1 in Armour
  4907 | D:5      | Reached skill level 1 in Evocations
  5039 | D:5      | Reached skill level 1 in Maces & Flails
  5039 | D:5      | Reached XP level 8. HP: 43/43 MP: 10/15
  5874 | D:6      | Reached skill level 7 in Earth Magic
  6207 | D:7      | Found an opulent altar of Gozag.
  6215 | D:7      | Reached skill level 5 in Spellcasting
  6602 | D:7      | Reached skill level 5 in Conjurations
  6637 | D:7      | Noticed Harold
  6654 | D:7      | Killed Harold
  6655 | D:7      | Reached XP level 9. HP: 27/51 MP: 5/17
  7027 | D:6      | Found a shadowy altar of Dithmenos.
  7807 | D:8      | Found a hazy altar of Hepliaklqana.
  7933 | D:8      | Reached * piety under Vehumet
  7933 | D:8      | Offered knowledge of Foxfire by Vehumet.
  7951 | D:8      | Reached skill level 8 in Earth Magic
  8242 | D:8      | Reached XP level 10. HP: 56/56 MP: 18/18
  8683 | D:8      | Found a snail-covered altar of Cheibriados.
  9014 | D:9      | Found a shimmering blue altar of Sif Muna.
  9072 | D:9      | Found a bloodstained altar of Trog.
  9173 | D:9      | Reached ** piety under Vehumet
  9193 | D:9      | Offered knowledge of Freeze by Vehumet.
  9523 | D:9      | Reached skill level 5 in Armour
  9624 | D:9      | Found a shimmering altar of Xom.
  9823 | D:9      | Reached skill level 5 in Fighting
  9909 | D:9      | Found a staircase to the Lair.
 10184 | D:9      | Offered knowledge of Dazzling Flash by Vehumet.
 10422 | D:10     | Entered Level 10 of the Dungeon
 10611 | D:10     | Reached skill level 9 in Earth Magic
 10627 | D:10     | Reached skill level 5 in Maces & Flails
 10628 | D:10     | Reached *** piety under Vehumet
 10779 | D:10     | Got a jewelled dagger
 10780 | D:10     | Identified the +10 dagger of the Volcano {holy, rF+} (You
                  | found it on level 10 of the Dungeon)
 10850 | D:10     | Reached XP level 11. HP: 60/64 MP: 20/20
 11642 | D:10     | Offered knowledge of Ignite Poison by Vehumet.
 11787 | D:11     | Identified a scroll of acquirement
 11787 | D:11     | Acquired 445 gold pieces
 11794 | D:11     | Got a heavily runed leather armour
 11805 | D:11     | Identified the +1 leather armour "Gazuvol" {rC+ Stlth+}
                  | (You found it on level 11 of the Dungeon)
 11881 | D:11     | Noticed a manticore
 11912 | D:11     | Killed a manticore
 12726 | D:11     | Reached skill level 5 in Dodging
 12726 | D:11     | Reached skill level 5 in Evocations
 12816 | D:12     | Found a staircase to the Orcish Mines.
 12820 | D:12     | Noticed Josephine
 12824 | D:12     | Reached **** piety under Vehumet
 12824 | D:12     | Offered knowledge of Frozen Ramparts by Vehumet.
 13030 | D:12     | Killed Josephine
 13200 | D:12     | Reached skill level 10 in Earth Magic
 13677 | D:12     | Reached XP level 12. HP: 71/71 MP: 23/23
 14080 | D:12     | Reached ***** piety under Vehumet
 14241 | D:12     | Noticed Nergalle
 14252 | D:12     | Offered knowledge of Spellforged Servitor by Vehumet.
 14306 | D:12     | Killed Nergalle
 15256 | D:13     | Noticed a two-headed ogre
 15257 | D:13     | Found a gate to the Vaults.
 15265 | D:13     | Killed a two-headed ogre
 15265 | D:13     | Noticed Urug
 15274 | D:13     | Noticed a centaur warrior
 15288 | D:13     | Slain by Urug

Illustrated notes

Levels and vault maps discovered:
D:1:      lightli_arrival_maybe_door_vault, layout_basic, columned_hall_lemuel,
          minmay_fountain_box
D:2:      layout_rooms, ashenzari_altar_1, uniq_sigmund
D:3:      layout_loops_ring, lemuel_doored_altar, ebering_ghost_rock_garden
D:4:      layout_loops_ring, elyvilon_altar_5, minmay_temple_entry_metal_lava,
          hangedman_glass_teeth, uniq_blork_the_orc
D:5:      layout_basic
D:6:      lemuel_ice_spiral_2, layout_basic, nicolae_dithmenos_the_darkroom,
          serial_glass, glass_columns_a, glass_columns_a
D:7:      layout_basic, nicolae_overflow_crystal_walls,
          kennysheep_generic_room_12, uniq_harold
D:8:      layout_gridville, cheibriados_altar_1, basic_altar
D:9:      layout_roguey, bloody_trog, lemuel_coloured_pillars_altar,
          led_sif_book, erik_lair_island, chequers_mini_garden
D:10:     layout_basic
D:11:     layout_gridville
D:12:     layout_basic, zombieorc2_lemuel, serial_co_window_serial,
          co_window_corner_a, co_window_paths_b, co_window_paths_b,
          co_window_paths_a, co_window_of_opportunity_a, co_window_broadway_b,
          co_window_2corner, co_window_paths_c, co_window_paths_d,
          co_window_4corner_b, glass_columns_b, glass_columns_a,
          glass_columns_a, glass_columns_a, glass_columns_b, uniq_nergalle,
          uniq_josephine
D:13:     minmay_expanding_squares, layout_basic, david_vaults_3, hex_large
Temple:   cyrus_circular_temple

Skill      XL: |  1  2  3  4  5  6  7  8  9 10 11 12 |
---------------+-------------------------------------+-----
Earth Magic    | 4 5 6 7 8 9 10 | 10.4
Spellcasting   | 3 4 5 6 7 |  7.6
Conjurations   | 1 2 3 4 5 6 7 8 |  8.4
Fighting       | 1 3 4 5 6 7 |  7.1
Armour         | 1 3 4 5 6 |  6.0
Evocations     | 1 2 3 4 5 |  5.9
Maces & Flails | 1 3 4 5 6 |  6.7
Dodging        | 2 3 4 5 |  5.8
Stealth        | |  2.1
Transmutations | |  0.7

Action                   |  1- 3 |  4- 6 |  7- 9 | 10-12 || total
-------------------------+-------+-------+-------+-------++-------
Melee: Whip              |   103 |       |       |       ||   103
       Short sword       |       |   108 |       |       ||   108
       Flail             |       |    32 |   115 |       ||   147
       Dagger            |       |       |    81 |   380 ||   461
 Cast: Sandblast         |    14 |    42 |   100 |   149 ||   305
       Stone Arrow       |       |     1 |       |    19 ||    20
       Lee's Rapid Decon |       |       |     8 |    43 ||    51
Evoke: Wand              |       |     1 |       |       ||     1
       Box of beasts     |       |       |       |     1 ||     1
  Use: Scroll            |       |     5 |     5 |     5 ||    15
       Potion            |       |       |     3 |     3 ||     6
 Stab: Sleeping          |     3 |     5 |     2 |     2 ||    12
       Invisible         |       |       |       |     1 ||     1
Armor: Robe              |    28 |    53 |   101 |    91 ||   273
       Leather armour    |       |       |       |    84 ||    84
Dodge: Dodged            |    60 |   111 |   230 |   440 ||   841

Table legend: (Time is in decaauts)
 A = Elapsed time spent in this place.
 B = Non-inter-level travel time spent in this place.
 C = Inter-level travel time spent in this place.
 D = Time resting spent in this place.
 E = Time spent auto-exploring this place.
 F = Levels seen in this place.
 G = Mean time per level.
                   A        B        C        D        E       F      G
               +--------+--------+--------+--------+--------+-----+--------+
         Total |  15407 |  15017 |    390 |   2741 |   9553 |  14 | 1100.5 |
       Dungeon |  15388 |  15008 |    380 |   2741 |   9551 |  13 | 1183.7 |
        Temple |     19 |     10 |      9 |      0 |      2 |   1 |   19.0 |
               +--------+--------+--------+--------+--------+-----+--------+

Top non-repeatable levels by time:
    D:12: 1904 daAuts
     D:9: 1643 daAuts
     D:1: 1544 daAuts
     D:8: 1430 daAuts
    D:11: 1415 daAuts
     D:5: 1272 daAuts
    D:10: 1204 daAuts
     D:4: 1049 daAuts
     D:7: 1024 daAuts
     D:2: 998 daAuts
     D:3: 960 daAuts
     D:6: 730 daAuts
    D:13: 210 daAuts
  Temple: 19 daAuts
